[Event "GER-ch Youth-U10 2022"]
[Site "Willingen"]
[Date "2022.06.11"]
[Round "11.7"]
[White "Allen, Phillipp"]
[Black "Sheng, Ming"]
[Result "1-0"]
[ECO "A36"]
[WhiteElo "1467"]
[BlackElo "1258"]
[Annotator "NA RC COMBH"]
[PlyCount "89"]
[EventDate "2022.06.05"]
[EventType "swiss"]
[EventRounds "11"]
[EventCountry "GER"]
[SourceTitle "playchess.com"]
[Source "ChessBase"]
[SourceQuality "1"]
[TimeControl "40/4500+30:900+30"]

1. e4 c5 2. c4 Nc6 3. Nc3 g6 4. d3 Bg7 5. Nge2 e6 6. g3 Nge7 7. Bg2 d6 8. O-O O-O 9. f4 Nd4 10. g4 f5 11. g5 Nec6 12. Ng3 Rb8 13. a4 Bd7 14. h4 a6 15. h5 b5 16. hxg6 hxg6 17. exf5 exf5 18. Bd5+ Be6 19. Bxe6+ Nxe6 20. axb5 axb5 21. Nxb5 Ned4 22. Nc3 Nb3 23. Ra3 Nxc1 24. Qxc1 Qb6 25. Nd5 Bxb2 26. Nxb6 Bxc1 27. Rxc1 Rxb6 28. Ne2 Rfb8 29. Rca1 Rb1+ 30. Rxb1 Rxb1+ 31. Kf2 Rb2 32. Ke1 Rb1+ 33. Kd2 Rb2+ 34. Kd1 Rb6 35. Ra8+ Kf7 36. Nc3 Ne7 37. Ra7 Ke8 38. Rxe7+ Kxe7 39. Nd5+ Ke6 40. Nxb6 Ke7 41. Nd5+ Ke6 42. Kc2 Kd7 43. Kb3 Ke6 44. Ka4 Kd7 45. Kb5 1-0

[Event "GER-ch Youth-U10 2022"]
[Site "Willingen"]
[Date "2022.06.11"]
[Round "11.8"]
[White "Li, Yunqi"]
[Black "Zimmer, Tim"]
[Result "1/2-1/2"]
[ECO "C54"]
[WhiteElo "1312"]
[BlackElo "1164"]
[Annotator "NA RC COMBH"]
[PlyCount "151"]
[EventDate "2022.06.05"]
[EventType "swiss"]
[EventRounds "11"]
[EventCountry "GER"]
[SourceTitle "playchess.com"]
[Source "ChessBase"]
[SourceQuality "1"]
[TimeControl "40/4500+30:900+30"]

1. e4 e5 2. Nf3 Nc6 3. Bc4 Bc5 4. c3 Nf6 5. d3 a6 6. Bb3 Ba7 7. Nbd2 d5 8. h3 O-O 9. Qe2 Qd6 10. Nf1 Ne7 11. Ng3 Ng6 12. O-O h6 13. Rd1 Re8 14. Bd2 Bd7 15. Re1 dxe4 16. dxe4 Be6 17. Rad1 Qc6 18. Bxe6 fxe6 19. Be3 Bxe3 20. Qxe3 Rad8 21. Rd2 Rd6 22. Red1 Red8 23. Rxd6 Rxd6 24. Rxd6 cxd6 25. Kf1 Qc4+ 26. Kg1 Qb5 27. b3 Nf4 28. Nd2 Qc6 29. f3 b5 30. c4 g5 31. Kf2 Nd7 32. cxb5 axb5 33. Ne2 Nc5 34. Nxf4 gxf4 35. Qc3 Qb6 36. Ke2 Qa6 37. b4 Na4 38. Qc7 Qb6 39. Qxb6 Nxb6 40. Nb1 Nc8 41. Nc3 Na7 42. a4 bxa4 43. Nxa4 Kf7 44. Kd3 d5 45. Nc5 Ke7 46. Kc3 Nb5+ 47. Kb3 Kd6 48. Ka4 Nd4 49. Ka5 Kc6 50. Nd3 dxe4 51. fxe4 Nb3+ 52. Ka4 Nd2 53. Nxe5+ Kd6 54. Nf7+ Kc6 55. b5+ Kb6 56. e5 f3 57. gxf3 Nxf3 58. Nxh6 Nxe5 59. Ng4 Nf3 60. Nf6 Nd4 61. Nd7+ Kc7 62. Ne5 Kd6 63. Nf7+ Ke7 64. Ng5 Kf6 65. Ne4+ Ke5 66. Nf2 Kf4 67. b6 e5 68. b7 Nc6 69. Kb5 Nb8 70. h4 e4 71. h5 e3 72. Nd3+ Kg5 73. Kc5 Kxh5 74. Kd4 e2 75. Nf4+ Kg5 76. Nxe2 1/2-1/2

[Event "GER-ch Youth-U10 2022"]
[Site "Willingen"]
[Date "2022.06.11"]
[Round "11.9"]
[White "Fadeev, Justin Michael"]
[Black "Lanert, Theodor"]
[Result "0-1"]
[ECO "B40"]
[WhiteElo "1320"]
[BlackElo "1306"]
[Annotator "NA RC COMBH"]
[PlyCount "68"]
[EventDate "2022.06.05"]
[EventType "swiss"]
[EventRounds "11"]
[EventCountry "GER"]
[SourceTitle "playchess.com"]
[Source "ChessBase"]
[SourceQuality "1"]
[TimeControl "40/4500+30:900+30"]

1. e4 c5 2. Nf3 Nc6 3. d4 cxd4 4. Nxd4 Nf6 5. Nc3 e6 6. Nxc6 bxc6 7. Bd3 d5 8. O-O Be7 9. Re1 O-O 10. e5 Nd7 11. Qg4 Re8 12. Bh6 Bf8 13. Re3 f5 14. exf6 Nxf6 15. Qg5 Kh8 16. Rf3 e5 17. Qh4 e4 18. Rxf6 Qxf6 19. Bg5 Qe6 20. Re1 Qg4 21. Be2 Qxh4 22. Bxh4 Rb8 23. Na4 Bd7 24. b3 e3 25. fxe3 Rxe3 26. Bf2 Re4 27. Bxa7 Rbe8 28. Kf1 Bb4 29. c3 Bd6 30. Bf2 d4 31. Bxd4 Bg4 32. Bf2 Rxe2 33. Rxe2 Bxe2+ 34. Kg1 Rf8 0-1

[Event "GER-ch Youth-U10 2022"]
[Site "Willingen"]
[Date "2022.06.11"]
[Round "11.10"]
[White "Belin, Anton"]
[Black "Rau, Eduard"]
[Result "1/2-1/2"]
[ECO "C55"]
[WhiteElo "1213"]
[BlackElo "1406"]
[Annotator "NA RC COMBH"]
[PlyCount "120"]
[EventDate "2022.06.05"]
[EventType "swiss"]
[EventRounds "11"]
[EventCountry "GER"]
[SourceTitle "playchess.com"]
[Source "ChessBase"]
[SourceQuality "1"]
[TimeControl "40/4500+30:900+30"]

1. e4 e5 2. Nf3 Nc6 3. Bc4 Nf6 4. Nc3 Nxe4 5. O-O Nxc3 6. dxc3 Bc5 7. Ng5 Qf6 8. Bxf7+ Kd8 9. Qd5 Bd6 10. f4 Ne7 11. Qd3 h6 12. Ne4 Qxf7 13. fxe5 Bc5+ 14. Nxc5 Qd5 15. Qxd5 Nxd5 16. Rd1 c6 17. c4 Nc7 18. e6 d6 19. Rxd6+ Ke7 20. Bf4 b6 21. Rxc6 Ne8 22. Nd3 Bb7 23. Bd6+ Nxd6 24. Rc7+ Kxe6 25. c5 Bxg2 26. Re1+ Be4 27. cxd6 Kxd6 28. Rxg7 Bxd3 29. cxd3 Rhg8 30. Rxg8 Rxg8+ 31. Kf2 Rg7 32. Kf3 Kd5 33. Re4 b5 34. Rh4 Rf7+ 35. Kg3 Rf6 36. a4 Rg6+ 37. Rg4 Rxg4+ 38. Kxg4 bxa4 39. Kh5 Kd4 40. Kxh6 Kxd3 41. Kg5 Kc2 42. h4 Kxb2 43. h5 a3 44. h6 a2 45. h7 a1=Q 46. h8=Q+ Kb1 47. Qh1+ Ka2 48. Qd5+ Ka3 49. Qa5+ Kb2 50. Qb4+ Kc2 51. Qe4+ Kb3 52. Qb7+ Kc4 53. Qf7+ Kb5 54. Qb7+ Kc5 55. Qc7+ Kd5 56. Qd7+ Ke4 57. Qh7+ Kd5 58. Qd7+ Kc5 59. Qc7+ Kb5 60. Qb7+ Kc5 1/2-1/2

[Event "GER-ch Youth-U10 2022"]
[Site "Willingen"]
[Date "2022.06.11"]
[Round "11.11"]
[White "Fischer, Quirin"]
[Black "Vu, Khoi Nguyen"]
[Result "0-1"]
[ECO "C54"]
[WhiteElo "1195"]
[BlackElo "1627"]
[Annotator "NA RC COMBH"]
[PlyCount "114"]
[EventDate "2022.06.05"]
[EventType "swiss"]
[EventRounds "11"]
[EventCountry "GER"]
[SourceTitle "playchess.com"]
[Source "ChessBase"]
[SourceQuality "1"]
[TimeControl "40/4500+30:900+30"]

1. e4 e5 2. Nf3 Nc6 3. Bc4 Bc5 4. c3 Nf6 5. d4 exd4 6. cxd4 Bb4+ 7. Nc3 Nxe4 8. O-O Bxc3 9. d5 Bf6 10. dxc6 bxc6 11. Qa4 O-O 12. Bxf7+ Rxf7 13. Qxe4 d5 14. Qc2 Bd7 15. Re1 Re7 16. Bf4 Rb8 17. Be5 Bxe5 18. Rxe5 Rxe5 19. Nxe5 Qe8 20. Re1 Qe7 21. Re3 Rb6 22. Nc4 Qc5 23. Na3 Qxc2 24. Nxc2 Rxb2 25. Ne1 Rxa2 26. Re7 Ra1 27. Kf1 Bf5 28. Ke2 Ra2+ 29. Kd1 Rxf2 30. Rxc7 Bg4+ 31. Kc1 Re2 32. Nc2 Rxg2 33. Rxc6 Rxh2 34. Ne3 Bf3 35. Nf5 Be4 36. Rc8+ Kf7 37. Nd6+ Ke7 38. Nxe4 dxe4 39. Rc7+ Kf6 40. Rxa7 e3 41. Kd1 e2+ 42. Ke1 h5 43. Ra6+ Kg5 44. Ra5+ Kh6 45. Re5 h4 46. Rxe2 Rxe2+ 47. Kxe2 g5 48. Kf2 g4 49. Kg2 Kg5 50. Kf2 Kf4 51. Kg2 h3+ 52. Kh2 Kf3 53. Kh1 Kf2 54. Kh2 g3+ 55. Kxh3 g2 56. Kh2 g1=Q+ 57. Kh3 Qg3# 0-1

[Event "GER-ch Youth-U10 2022"]
[Site "Willingen"]
[Date "2022.06.11"]
[Round "11.12"]
[White "Lee, Ho In"]
[Black "Rudolph, Simon"]
[Result "1-0"]
[ECO "B04"]
[WhiteElo "1396"]
[BlackElo "1361"]
[Annotator "NA RC COMBH"]
[PlyCount "73"]
[EventDate "2022.06.05"]
[EventType "swiss"]
[EventRounds "11"]
[EventCountry "GER"]
[SourceTitle "playchess.com"]
[Source "ChessBase"]
[SourceQuality "1"]
[TimeControl "40/4500+30:900+30"]

1. e4 Nf6 2. e5 Nd5 3. d4 d6 4. Nf3 g6 5. c4 Nb6 6. Be3 Bg7 7. exd6 cxd6 8. h3 O-O 9. Nc3 Nc6 10. Be2 Bf5 11. O-O Nb4 12. Rc1 e5 13. a3 Na6 14. d5 Qc8 15. b3 Nc7 16. Bd3 e4 17. Nxe4 Bxe4 18. Bxe4 Bb2 19. Rc2 Bxa3 20. Bd4 Na6 21. Qd2 Nb4 22. Qh6 f6 23. Re2 Qd7 24. Ra1 Rae8 25. Ree1 f5 26. Bb1 Rxe1+ 27. Nxe1 Re8 28. Nf3 Bc1 29. Qxc1 Re2 30. Qh6 Nc2 31. Bxc2 Rxc2 32. Bxb6 Qe8 33. Rxa7 Re2 34. Rxb7 Re1+ 35. Nxe1 Qxe1+ 36. Kh2 Qe5+ 37. f4 1-0

[Event "GER-ch Youth-U10 2022"]
[Site "Willingen"]
[Date "2022.06.11"]
[Round "11.13"]
[White "Wang, Kaiwen"]
[Black "Moskalenko, Michael"]
[Result "1-0"]
[ECO "B13"]
[WhiteElo "1151"]
[BlackElo "1266"]
[Annotator "NA RC COMBH"]
[PlyCount "99"]
[EventDate "2022.06.05"]
[EventType "swiss"]
[EventRounds "11"]
[EventCountry "GER"]
[SourceTitle "playchess.com"]
[Source "ChessBase"]
[SourceQuality "1"]
[TimeControl "40/4500+30:900+30"]

1. e4 c6 2. d4 d5 3. exd5 cxd5 4. c4 Nf6 5. Nc3 Nc6 6. Nf3 Bg4 7. Be3 e6 8. c5 Be7 9. Bb5 O-O 10. O-O Qc7 11. h3 Bh5 12. Be2 b6 13. cxb6 Qxb6 14. Ne5 Bxe2 15. Qxe2 Rfc8 16. Rac1 Nxd4 17. Qd2 Bc5 18. Na4 Ne4 19. Qd3 Qb4 20. Nxc5 Nxc5 21. Qxd4 Qxd4 22. Bxd4 Ne4 23. Rxc8+ Rxc8 24. Be3 f6 25. Nd3 e5 26. Bxa7 Ra8 27. Bc5 Rxa2 28. Ba3 Nd2 29. Rd1 Nb3 30. Nb4 Ra1 31. Rxa1 Nxa1 32. Nxd5 Nb3 33. f3 Kf7 34. Nc7 Kg6 35. Ne6 Kf7 36. Nc5 Nd4 37. b4 Kg6 38. Bb2 Nb5 39. Ne4 Kf5 40. Nc3 Nd6 41. b5 h5 42. Na4 e4 43. fxe4+ Kxe4 44. b6 Kd5 45. Ba3 Nb7 46. Nc5 Kc6 47. Nxb7 Kxb7 48. Bc5 f5 49. h4 g6 50. Kf2 1-0

[Event "GER-ch Youth-U10 2022"]
[Site "Willingen"]
[Date "2022.06.11"]
[Round "11.14"]
[White "Kutz, Paul Matti"]
[Black "Teng, David"]
[Result "1-0"]
[ECO "B22"]
[WhiteElo "1202"]
[BlackElo "1423"]
[Annotator "NA RC COMBH"]
[PlyCount "31"]
[EventDate "2022.06.05"]
[EventType "swiss"]
[EventRounds "11"]
[EventCountry "GER"]
[SourceTitle "playchess.com"]
[Source "ChessBase"]
[SourceQuality "1"]
[TimeControl "40/4500+30:900+30"]

1. e4 c5 2. Nf3 e6 3. c3 Nf6 4. e5 Nd5 5. d4 cxd4 6. cxd4 d6 7. Bc4 Nb6 8. Bd3 Nc6 9. O-O Be7 10. Nc3 O-O 11. exd6 Bxd6 12. Bxh7+ Kxh7 13. Ng5+ Kg6 14. Qg4 e5 15. Ne6+ Kh7 16. Qxg7# 1-0

[Event "GER-ch Youth-U10 2022"]
[Site "Willingen"]
[Date "2022.06.11"]
[Round "11.15"]
[White "Hagn, Tobias"]
[Black "Rohatgi, Kushagra"]
[Result "1/2-1/2"]
[ECO "B13"]
[WhiteElo "1337"]
[BlackElo "1222"]
[Annotator "NA RC COMBH"]
[PlyCount "58"]
[EventDate "2022.06.05"]
[EventType "swiss"]
[EventRounds "11"]
[EventCountry "GER"]
[SourceTitle "playchess.com"]
[Source "ChessBase"]
[SourceQuality "1"]
[TimeControl "40/4500+30:900+30"]

1. e4 c6 2. d4 d5 3. exd5 cxd5 4. Bd3 Nc6 5. c3 Nf6 6. Bf4 Qb6 7. Qb3 Qxb3 8. axb3 Bg4 9. Nd2 a6 10. Ngf3 e6 11. O-O Be7 12. h3 Bh5 13. b4 O-O 14. b5 axb5 15. Bxb5 Nd7 16. Rxa8 Rxa8 17. Re1 h6 18. Ne5 Ndxe5 19. Bxe5 Nxe5 20. Rxe5 Bg6 21. Nb3 Bc2 22. Nd2 Ra1+ 23. Nf1 Rb1 24. Re2 Bg6 25. g3 Bd6 26. Kg2 Be4+ 27. Kg1 Bg6 28. Rd2 Be7 29. Kg2 Bg5 1/2-1/2

[Event "GER-ch Youth-U10 2022"]
[Site "Willingen"]
[Date "2022.06.11"]
[Round "11.16"]
[White "Tak, Rannveer"]
[Black "Van 't Hof, Eric"]
[Result "1-0"]
[ECO "C60"]
[WhiteElo "1746"]
[BlackElo "2081"]
[Annotator "TA"]
[PlyCount "113"]
[EventDate "2022.06.05"]
[EventType "swiss"]
[EventRounds "11"]
[EventCountry "GER"]
[SourceTitle "playchess.com"]
[Source "ChessBase"]
[SourceQuality "1"]
[TimeControl "40/4500+30:900+30"]

1. e4 e5 2. Nf3 Nc6 3. Bb5 Nge7 4. O-O g6 5. d4 exd4 6. Nxd4 Bg7 7. Be3 O-O 8. Nc3 d6 {[%emt 0:00:28] is the legacy move (8...d5).} 9. Re1 {[%emt 0:02:35] C60: Ruy Lopez: Unusual Black 3rd moves and 3...g6.} Bd7 {[%emt 0:08:13] [#]} 10. Nf3 $146 ({Predecessor:} 10. Bf1 Re8 11. Qd2 a6 12. Rad1 Ne5 13. f3 b5 14. Bh6 Bh8 15. Bg5 Qb8 16. Kh1 {1-0 (39) Nowicki,B (2305)-Stachowiak,K (2427) Szczawno Zdroj 2018}) 10... Ne5 11. Nxe5 {[%emt 0:01:23] White is slightly better.} Bxe5 12. Bxd7 Qxd7 13. Bd4 Nc6 14. Bxe5 Nxe5 15. Nd5 {[%emt 0:00:27] And now Nf6+ would win.} (15. f4 $5 Nc6 16. Nd5 $14) 15... Qd8 {[%emt 0:00:33] Inhibits Nf6+.} 16. f4 Nd7 17. Qg4 c6 {[%emt 0:01:42] [#]} 18. Qxd7 $1 Qxd7 19. Nf6+ Kg7 20. Nxd7 Rfd8 {[%emt 0:00:12] [#]} 21. Nc5 $1 dxc5 $11 {[%emt 0:00:13][%mdl 4096] Endgame KRR-KRR} 22. Rad1 {[%emt 0:00:03] Inhibits Rd2.} Rd4 23. Rxd4 cxd4 $14 {[%emt 0:00:10] KR-KR} 24. Rd1 c5 25. Kf2 Re8 26. Kf3 b6 (26... Rd8 $11) 27. c3 $16 dxc3 28. bxc3 Re7 29. a4 Kf8 30. Rd8+ Re8 $2 (30... Kg7 $16 {is a better chance.}) 31. Rd7 $2 (31. Rxe8+ $1 $18 {and the rest is easy.} Kxe8 32. e5) 31... Re7 32. Rd8+ (32. Rxe7 $1 $16 Kxe7 33. e5) 32... Re8 $1 $18 {[%emt 0:00:11] [#]} 33. Rxe8+ Kxe8 {[%emt 0:00:08] KP-KP} 34. Kg4 $2 (34. e5 $18 Ke7 35. Ke4) 34... a6 $11 {[%emt 0:00:10] ...b5 is the strong threat.} 35. c4 {[%emt 0:02:00] Prevents b5.} Kd7 36. Kf3 {[%emt 0:02:24] Black must now prevent g4.} Kc6 37. Ke3 {[%emt 0:01:06] Strongly threatening g4.} b5 38. cxb5+ axb5 39. axb5+ Kxb5 40. g4 $1 Kc6 41. Kd3 f6 $2 (41... Kb5 $11) 42. Kc4 Kd6 {[%emt 0:00:21] [#]} 43. Kd3 $2 (43. Kb5 $1 $18 h6 44. h3) 43... Kc6 44. Kc4 {[%emt 0:04:36] aiming for h4.} g5 (44... Kd6 $11) 45. fxg5 {[%emt 0:00:44] White mates.} fxg5 {[%emt 0:00:16] K3P-K3P} 46. e5 Kd7 47. Kxc5 {[%emt 0:00:53] K3P-KPP} Ke6 48. Kd4 Ke7 49. Kd5 Kd7 50. e6+ Ke7 51. Ke5 h6 52. h3 Ke8 53. Kf6 Kf8 54. Kg6 Ke7 55. Kxh6 Kxe6 56. Kxg5 Kf7 57. Kh6 {[%emt 0:00:23] Weighted Error Value: White=0.36/Black=0.48} 1-0

[Event "GER-ch Youth-U10 2022"]
[Site "Willingen"]
[Date "2022.06.11"]
[Round "11.17"]
[White "Junge, Mattheo Gabriel"]
[Black "Leonhardt, Max"]
[Result "1-0"]
[ECO "C89"]
[WhiteElo "1132"]
[BlackElo "1114"]
[Annotator "NA RC COMBH"]
[PlyCount "65"]
[EventDate "2022.06.05"]
[EventType "swiss"]
[EventRounds "11"]
[EventCountry "GER"]
[SourceTitle "playchess.com"]
[Source "ChessBase"]
[SourceQuality "1"]
[TimeControl "40/4500+30:900+30"]

1. e4 e5 2. Nf3 Nc6 3. Bb5 a6 4. Ba4 Nf6 5. O-O b5 6. Bb3 Be7 7. Re1 O-O 8. c3 Bb7 9. d4 exd4 10. cxd4 d6 11. Bc2 Nb4 12. Nbd2 c5 13. d5 Nxc2 14. Qxc2 h6 15. a4 Nh7 16. Nf1 Qd7 17. Ng3 Rfe8 18. Ra3 b4 19. Rae3 a5 20. b3 Ng5 21. Bb2 Nxf3+ 22. Rxf3 Bf8 23. Nf5 g6 24. Ne3 Ba6 25. h3 Bg7 26. Ng4 h5 27. Nf6+ Bxf6 28. Bxf6 Kh7 29. Qc1 Qc8 30. Qg5 Rd8 31. Bxd8 Qxd8 32. Rxf7+ Kh8 33. Qh6+ 1-0

[Event "GER-ch Youth-U10 2022"]
[Site "Willingen"]
[Date "2022.06.11"]
[Round "11.18"]
[White "Chua, Daniel James"]
[Black "Li, Joshua"]
[Result "1-0"]
[ECO "C36"]
[WhiteElo "1314"]
[BlackElo "1599"]
[Annotator "NA RC COMBH"]
[PlyCount "145"]
[EventDate "2022.06.05"]
[EventType "swiss"]
[EventRounds "11"]
[EventCountry "GER"]
[SourceTitle "playchess.com"]
[Source "ChessBase"]
[SourceQuality "1"]
[TimeControl "40/4500+30:900+30"]

1. e4 e5 2. f4 exf4 3. Nf3 d5 4. exd5 Nf6 5. Bc4 Nxd5 6. O-O Nb6 7. Bb3 Bg4 8. Bxf7+ Kxf7 9. Ne5+ Ke8 10. Nxg4 Bc5+ 11. Kh1 Rf8 12. c3 Bd6 13. Qc2 Qh4 14. h3 h5 15. Nf2 Kd8 16. c4 f3 17. Qg6 Qf4 18. g3 Qxg3 19. Qxg3 Bxg3 20. Ne4 h4 21. d3 Re8 22. Rxf3 Nxc4 23. Bg5+ Kc8 24. Nxg3 hxg3 25. dxc4 Re1+ 26. Kg2 Re2+ 27. Kxg3 Rxb2 28. Nc3 b6 29. Rd1 Nd7 30. Rfd3 Nc5 31. Rd8+ Kb7 32. Rxa8 Kxa8 33. Bf4 Kb7 34. Re1 Rc2 35. Nb5 Nd3 36. Re7 Nxf4 37. Rxc7+ Kb8 38. Kxf4 a6 39. Nd4 Rxa2 40. Rxg7 Ra4 41. Nc6+ Kc8 42. Ne7+ Kd8 43. Nc6+ Kc8 44. Ne5 b5 45. Ke4 bxc4 46. Rg3 Rb4 47. Rc3 a5 48. Rxc4+ Rxc4+ 49. Nxc4 a4 50. Nb6+ Kd8 51. Nxa4 Ke8 52. Kf5 Kf8 53. Kg6 Kg8 54. Nc5 Kh8 55. Kh6 Kg8 56. Nd3 Kf7 57. h4 Kg8 58. Nf4 Kh8 59. Ng6+ Kg8 60. h5 Kf7 61. Kh7 Kf6 62. Ne5 Kg5 63. h6 Kf6 64. Kg8 Kxe5 65. h7 Kd5 66. h8=Q Ke4 67. Kf7 Kd5 68. Qc3 Ke4 69. Ke6 Kf4 70. Qd3 Kg5 71. Qg3+ Kh6 72. Kf6 Kh7 73. Qg7# 1-0

[Event "GER-ch Youth-U10 2022"]
[Site "Willingen"]
[Date "2022.06.11"]
[Round "11.20"]
[White "Wolf, Noah"]
[Black "Menke, Raphael Wilhelm"]
[Result "1/2-1/2"]
[ECO "C50"]
[WhiteElo "1073"]
[BlackElo "1212"]
[Annotator "NA RC COMBH"]
[PlyCount "85"]
[EventDate "2022.06.05"]
[EventType "swiss"]
[EventRounds "11"]
[EventCountry "GER"]
[SourceTitle "playchess.com"]
[Source "ChessBase"]
[SourceQuality "1"]
[TimeControl "40/4500+30:900+30"]

1. e4 e5 2. Nf3 Nc6 3. Bc4 Nf6 4. d3 Bc5 5. Nc3 d6 6. h3 a6 7. a3 Be6 8. Bxe6 fxe6 9. Qe2 Qe7 10. Bg5 Ba7 11. Nh4 Qf7 12. Nf3 h6 13. Be3 Nh5 14. Rg1 O-O-O 15. O-O-O Rhe8 16. Kb1 d5 17. Bxa7 Nf4 18. Qd2 Nxa7 19. Nxe5 Qf6 20. d4 Ng6 21. Qe3 Kb8 22. exd5 exd5 23. Nd7+ Rxd7 24. Qxe8+ Rd8 25. Qe3 Nc6 26. Qf3 Qd6 27. Rge1 Na5 28. Nxd5 Qxd5 29. Re8 Qd7 30. Rxd8+ Qxd8 31. Qf5 Qg5 32. Qxg5 hxg5 33. d5 Nc4 34. Rd4 Nd6 35. c4 Kc8 36. c5 Nf7 37. Re4 Kd7 38. c6+ bxc6 39. dxc6+ Kd6 40. Ra4 Nge5 41. Rxa6 Nxc6 42. Kc2 Kc5 43. Ra8 1/2-1/2

[Event "GER-ch Youth-U10 2022"]
[Site "Willingen"]
[Date "2022.06.11"]
[Round "11.21"]
[White "Yao, Haiyang"]
[Black "Fels, Mattis"]
[Result "1-0"]
[ECO "B23"]
[WhiteElo "1098"]
[BlackElo "1395"]
[Annotator "NA RC COMBH"]
[PlyCount "129"]
[EventDate "2022.06.05"]
[EventType "swiss"]
[EventRounds "11"]
[EventCountry "GER"]
[SourceTitle "playchess.com"]
[Source "ChessBase"]
[SourceQuality "1"]
[TimeControl "40/4500+30:900+30"]

1. e4 c5 2. Nc3 e6 3. g3 d5 4. Bg2 d4 5. Nce2 d3 6. Nf4 c4 7. Nf3 g5 8. Nh5 g4 9. Ng1 e5 10. f3 Nh6 11. h3 gxh3 12. Bxh3 Bxh3 13. Rxh3 Qb6 14. Rh1 Bc5 15. Nh3 Rg8 16. c3 Nd7 17. Qa4 O-O-O 18. b4 Be7 19. b5 Nc5 20. Qxc4 Qg6 21. Nf2 f5 22. Ba3 b6 23. Bxc5 Bxc5 24. Nxd3 Qd6 25. Ke2 Rd7 26. Nxc5 Qxd2+ 27. Kf1 bxc5 28. Nf6 Rxg3 29. Qxc5+ Rc7 30. Qf2 Qxf2+ 31. Kxf2 Rg6 32. Nd5 Rf7 33. exf5 Nxf5 34. Rh5 Kd7 35. Re1 Kd6 36. Rd1 Kc5 37. Ne3 Nxe3 38. Rxe5+ Kc4 39. Kxe3 Kxc3 40. Rc5+ Kb4 41. Rdc1 Re6+ 42. Kf2 Ref6 43. R5c3 Kxb5 44. Rb3+ Ka6 45. Rc4 Rf4 46. Rxf4 Rxf4 47. Kg3 Rd4 48. f4 Rd2 49. Rf3 Rxa2 50. f5 Rd2 51. f6 Rd8 52. f7 Rf8 53. Kg4 Kb6 54. Kg5 a5 55. Kh6 a4 56. Kg7 a3 57. Kxf8 a2 58. Ra3 a1=N 59. Rxa1 h5 60. Ke7 h4 61. f8=Q h3 62. Qc8 h2 63. Rb1+ Ka7 64. Qb8+ Ka6 65. Qa8# 1-0

[Event "GER-ch Youth-U10 2022"]
[Site "Willingen"]
[Date "2022.06.11"]
[Round "11.22"]
[White "Mulgunov, Jefim Nikolaj"]
[Black "Heitmann, Erik"]
[Result "1-0"]
[ECO "B40"]
[WhiteElo "1055"]
[BlackElo "1287"]
[Annotator "NA RC COMBH"]
[PlyCount "43"]
[EventDate "2022.06.05"]
[EventType "swiss"]
[EventRounds "11"]
[EventCountry "GER"]
[SourceTitle "playchess.com"]
[Source "ChessBase"]
[SourceQuality "1"]
[TimeControl "40/4500+30:900+30"]

1. e4 c5 2. d4 e6 3. Nf3 cxd4 4. Nxd4 Nf6 5. Nc3 Bb4 6. Bd3 Nc6 7. Nf3 d5 8. exd5 Nxd5 9. Bd2 Nxc3 10. bxc3 Be7 11. O-O O-O 12. Bf4 Bf6 13. Qe2 Bxc3 14. Rad1 Qe7 15. Bxh7+ Kh8 16. Bd6 Qe8 17. Bxf8 Qxf8 18. Qd3 Bf6 19. Be4 Nb4 20. Qb5 Nxa2 21. Qh5+ Kg8 22. Qh7# 1-0

[Event "GER-ch Youth-U10 2022"]
[Site "Willingen"]
[Date "2022.06.11"]
[Round "11.23"]
[White "Classen, Marnin"]
[Black "Hellriegel, Hannes"]
[Result "1/2-1/2"]
[ECO "C70"]
[WhiteElo "1168"]
[BlackElo "1335"]
[Annotator "NA RC COMBH"]
[PlyCount "97"]
[EventDate "2022.06.05"]
[EventType "swiss"]
[EventRounds "11"]
[EventCountry "GER"]
[SourceTitle "playchess.com"]
[Source "ChessBase"]
[SourceQuality "1"]
[TimeControl "40/4500+30:900+30"]

1. e4 e5 2. Nf3 Nc6 3. Bb5 a6 4. Ba4 Nf6 5. O-O Bc5 6. h3 O-O 7. Re1 d6 8. c3 Be6 9. d4 exd4 10. cxd4 b5 11. dxc5 bxa4 12. cxd6 cxd6 13. Qxa4 Bd7 14. Qd1 Be6 15. Nc3 Qd7 16. Bg5 Ne8 17. Qd2 f6 18. Bf4 Ne5 19. Nxe5 fxe5 20. Bg3 Qb7 21. Rad1 Rb8 22. b3 Rc8 23. Re2 Qb4 24. Nd5 Qb7 25. Bh4 Bxd5 26. Qxd5+ Qxd5 27. Rxd5 Rc6 28. Red2 Kf7 29. f3 Ke6 30. Kf2 Nc7 31. R5d3 Nb5 32. Ke1 Nd4 33. Bf2 Rc1+ 34. Rd1 Rxd1+ 35. Kxd1 Nb5 36. a4 Nc7 37. Bb6 Ne8 38. Kd2 Rf6 39. Ba5 Rg6 40. Kc3 Rxg2 41. b4 Ra2 42. Kb3 Ra1 43. Rd2 Kd7 44. Rg2 g6 45. Bb6 Kc6 46. Be3 Nc7 47. Rc2+ Kb7 48. Rd2 Kc6 49. Rc2+ 1/2-1/2

[Event "GER-ch Youth-U10 2022"]
[Site "Willingen"]
[Date "2022.06.11"]
[Round "11.25"]
[White "Andersen, Jonatan M"]
[Black "Antonius, Richard-Malte"]
[Result "1/2-1/2"]
[ECO "B33"]
[WhiteElo "1857"]
[BlackElo "1106"]
[Annotator "NA RC COMBH"]
[PlyCount "104"]
[EventDate "2022.06.05"]
[EventType "swiss"]
[EventRounds "11"]
[EventCountry "GER"]
[SourceTitle "playchess.com"]
[Source "ChessBase"]
[SourceQuality "1"]
[TimeControl "40/4500+30:900+30"]

1. e4 c5 2. Nf3 Nc6 3. d4 cxd4 4. Nxd4 Nf6 5. Nc3 e5 6. Ndb5 d6 7. Bg5 a6 8. Na3 Be6 9. Qf3 h6 10. Bxf6 gxf6 11. Rd1 b5 12. Nd5 Bxd5 13. exd5 Nb8 14. c3 Bg7 15. Bd3 Nd7 16. O-O Rc8 17. Nc2 Qc7 18. Ne3 Nc5 19. Bc2 Nd7 20. Qg3 Bf8 21. Nf5 Qc4 22. Bb3 Qe2 23. Rb1 Qh5 24. Ne3 Qg6 25. Bc2 Qxg3 26. fxg3 Nb6 27. Rxf6 Rc5 28. Rd1 Be7 29. Rff1 Bg5 30. Nf5 Kd7 31. Bb3 a5 32. a3 a4 33. Ba2 Nc4 34. Bxc4 Rxc4 35. h4 Be7 36. Nxe7 Kxe7 37. Kf2 Rg8 38. Rd3 Rc5 39. Kf3 h5 40. Re1 Rc4 41. Re4 Rxe4 42. Kxe4 Rg4+ 43. Kf3 Rg8 44. Re3 f5 45. Kf2 Kf6 46. Re2 Rg7 47. Rc2 Rc7 48. Ke3 Rc5 49. Rd2 Kg6 50. Ke2 Kf6 51. Ke3 Kg6 52. Rd3 Kf6 1/2-1/2

[Event "GER-ch Youth-U10 2022"]
[Site "Willingen"]
[Date "2022.06.11"]
[Round "11.27"]
[White "Schmidt, Jossip"]
[Black "Rinke, Alexander"]
[Result "0-1"]
[ECO "A48"]
[WhiteElo "1085"]
[BlackElo "1292"]
[Annotator "NA RC COMBH"]
[PlyCount "106"]
[EventDate "2022.06.05"]
[EventType "swiss"]
[EventRounds "11"]
[EventCountry "GER"]
[SourceTitle "playchess.com"]
[Source "ChessBase"]
[SourceQuality "1"]
[TimeControl "40/4500+30:900+30"]

1. d4 Nf6 2. Nf3 g6 3. Bf4 Bg7 4. e3 O-O 5. Bd3 d6 6. c3 Nbd7 7. Qe2 Qe8 8. O-O e5 9. Bg3 e4 10. Bc2 exf3 11. Qxf3 Nb6 12. Nd2 Rb8 13. Bh4 Qe6 14. h3 Nh5 15. g4 Bf6 16. gxh5 Bxh4 17. Kh2 Qd5 18. e4 Qxh5 19. Qxh5 gxh5 20. Rg1+ Kh8 21. Rg2 Rg8 22. Rag1 Rxg2+ 23. Rxg2 Be6 24. d5 Bd7 25. Nf3 Bf6 26. Kh1 Bxh3 27. Rg3 Bg4 28. Nd2 Be5 29. Rg1 Rg8 30. f3 Bd7 31. Rf1 Bf4 32. Nb1 Nc4 33. Bb3 Nxb2 34. e5 Ba4 35. Bxa4 Nxa4 36. e6 fxe6 37. dxe6 Re8 38. Re1 Be5 39. Na3 Bxc3 40. Re3 a6 41. Nb1 Be5 42. Kg2 Nc5 43. f4 Bxf4 44. Rh3 Nxe6 45. Rxh5 Bg5 46. Kg3 c5 47. Nc3 b5 48. a3 b4 49. axb4 cxb4 50. Nb1 a5 51. Rh1 a4 52. Rd1 a3 53. Rd3 a2 0-1